 Dungeon Crawl Stone Soup version 0.28.0-45-g0d030f2227 (webtiles) character file.

Game seed: 6091476624983819459

25 MisterFreud the Skirmisher (level 2, 0/25 HPs)
             Began as a Palentonga Fighter on Apr 16, 2022.
             Succumbed to an adder's poison
             ... on level 2 of the Dungeon.
             The game lasted 00:00:55 (850 turns).

MisterFreud the Skirmisher (Palentonga Fighter)      Turns: 850, Time: 00:00:56

Health: 0/25       AC:  6    Str: 21    XL:     2   Next: 82%
Magic:  0/2        EV:  7    Int:  8    God:
Gold:   55         SH:  4    Dex:  9    Spells: 1/1 levels left

rFire   . . .      SeeInvis +   a - +0 flail
rCold   . . .      Faith    .   c - +0 buckler
rNeg    . . .      Spirit   +   b - +0 scale mail
rPois   .          Reflect  .   (helmet restricted)
rElec   .          Harm     .   (no cloak)
rCorr   .          Rampage  .   (no gloves)
Will    .....                   (no barding)
Stlth   ..........              g - amulet of guardian spirit
HPRegen 0.08/turn               (no ring)
MPRegen 0.08/turn               (no ring)

@: lethally poisoned (0 -> -3)
A: large, rugged brown scales 3, see invisible, deformed body, roll 1, armoured
tail, antennae 1, strong 1, noise suppression
a: Rolling Charge


You were on level 2 of the Dungeon.
You visited 1 branch of the dungeon, and saw 2 of its levels.

You collected 55 gold pieces.

Inventory:

Hand Weapons
 a - a +0 flail (weapon)
Armour
 b - a +0 scale mail (worn)
 c - a +0 buckler (worn)
Jewellery
 g - an amulet of guardian spirit (around neck)
Scrolls
 e - 3 scrolls of immolation {unknown}
 h - 2 scrolls of teleportation {unknown}
 i - a scroll of enchant armour {unknown}
Potions
 d - a potion of might


   Skills:
 - Level 3.1 Fighting
 + Level 2.9 Maces & Flails
 - Level 2.5 Armour
 - Level 2.5 Shields


You had one spell level left.
You didn't know any spells.
Your spell library was empty.

Dungeon Overview and Level Annotations

Branches:
Dungeon (2/15)

Altars:


Innate Abilities, Weirdness & Mutations

You are completely covered in rugged brown scales. (AC +3, +7% HP)
You have supernaturally acute eyesight. (SInv)
Armour fits poorly on your strangely shaped body.
You can roll at nearby foes to attack.
You have a long armoured tail.
You have a pair of small antennae on your head.
Your muscles are strong. (Str +2)
You passively dampen the noise of your surroundings.


Message History

The adder bites you but does no damage. x2
You closely miss the adder.
You feel sick. The adder bites you but does no damage.
You are too injured to fight recklessly!
You closely miss the adder.
You feel sick. The adder bites you.
You are more poisoned.
The adder poisons you! The adder barely misses you.
You hit the adder.
Your tail-slap misses the adder.
The adder is lightly wounded.
You feel sick. The adder completely misses you.
You closely miss the adder.
The adder is lightly wounded.
You feel sick. The adder bites you.
* * * LOW HITPOINT WARNING * * *
The adder barely misses you.
You thump the adder!
The adder is almost dead.
You feel sick. The adder bites you but does no damage. The adder misses you.
You closely miss the adder.
The adder is almost dead.
You feel sick. The adder barely misses you.
You closely miss the adder.
The adder is almost dead.
You feel sick.
You are no longer poisoned.
The adder barely misses you. The adder bites you but does no damage.
You closely miss the adder.
The adder is almost dead.
The adder barely misses you. The adder bites you but does no damage.
You miss the adder.
The adder is almost dead.
The adder bites you.
* * * LOW HITPOINT WARNING * * *
You are lethally poisoned!
The adder poisons you! The adder bites you.
* * * LOW HITPOINT WARNING * * *
It was a potion of mutation.
You feel extremely strange.
You feel your surroundings grow quieter.
A pair of antennae grows on your head!
You feel stronger.
You die...

##...##
#.##.###. ##'##
#........ #.#
####.#### #.#
#.# ####.## #.#
##.....## ..#
##.......# ###
.###.......##
.......@...#
####...S.......
##.....#####
##...## #####


You could see an adder.

Vanquished Creatures
  2 dart slugs (D:1)
  An endoplasm (D:1)
  A giant cockroach (D:1)
  2 goblins (D:1)
  3 hobgoblins (D:1)
  2 kobolds (D:1)
  2 quokkas (D:1)
  A ball python (D:1)
  3 frilled lizards (D:1)
  2 rats (D:1)
19 creatures vanquished.

Vanquished Creatures (others)
  2 fungi (D:2)
  6 plants (D:2)
8 creatures vanquished.

Grand Total: 27 creatures vanquished

Notes
Turn   | Place    | Note
-------+----------+-------------------------------------------
     0 | D:1      | MisterFreud the Palentonga Fighter began the quest for the
                  | Orb.
     0 | D:1      | Reached XP level 1. HP: 19/19 MP: 1/1
   131 | D:1      | Reached XP level 2. HP: 21/25 MP: 2/2
   849 | D:2      | HP: 1/25 [adder (1)]
   850 | D:2      | Gained mutation: You passively dampen the noise of your
                  | surroundings. [potion of mutation]
   850 | D:2      | Gained mutation: You have a pair of small antennae on your
                  | head. [potion of mutation]
   850 | D:2      | Gained mutation: Your muscles are strong. (Str +2) [potion
                  | of mutation]
   850 | D:2      | Succumbed to an adder's poison

Illustrated notes

Levels and vault maps discovered:
D:1:      roderic_octagonal_star, layout_loops_ring
D:2:      layout_loops_corners, shapermc_ecumenical_altar_mp_ritualfount,
          uniq_crazy_yiuf_cottage, uniq_sigmund

Action                   || total
-------------------------++-------
Melee: Flail             ||    57
       Tailslap          ||     5
 Abil: Rolling Charge    ||    14
  Use: Potion            ||     1
Armor: Scale mail        ||    23
Dodge: Dodged            ||    19
Block: Buckler           ||     6
